 Dungeon Crawl Stone Soup version 0.29-a0-304-gb34f9e133a (webtiles) character file.

Game seed: 6509785882916579292

74076 feta the Thaumaturge (level 15, -2/115 HPs)
             Began as a Gnoll Ice Elementalist on Mar 26, 2022.
             Was the Champion of the Shining One.
             Slain by a +3 scythe of chaos (12 damage)
             ... on level 6 of the Lair of Beasts.
             The game lasted 00:53:21 (26640 turns).

feta the Thaumaturge (Gnoll Ice Elementalist)      Turns: 26640, Time: 00:53:22

Health: -2/115     AC: 23    Str: 15    XL:     15   Next: 45%
Magic:  25/30      EV: 22    Int: 23    God:    the Shining One [******]
Gold:   1176       SH: 14    Dex: 27    Spells: 18/36 levels left

rFire   . . .      SeeInvis +   n - +0 scimitar (flame)
rCold   . . .      Faith    .   u - +0 kite shield
rNeg    + + +      Spirit   .   x - +0 steam dragon scales
rPois   .          Reflect  .   l - +2 hat
rElec   .          Harm     .   p - +1 cloak
rCorr   .          Rampage  .   (no gloves)
Will    +....                   R - +1 pair of boots of Follow the Leader {Drain Fly Dex+7 Stlth+}
Stlth   +++.......              L - amulet of regeneration
HPRegen 1.09/turn               g - +6 ring of intelligence
MPRegen 0.22/turn               q - ring "Asesmim Wegy" {*Corrode Str+6 Int-3 Dex+7 SInv}

@: ice-armoured, freezing walls, flying, glowing, studying Earth Magic
A: fangs 1, strong nose, distributed training
a: Renounce Religion, Divine Shield, Cleansing Flame, Summon Divine Warrior,
Brand Weapon With Holy Wrath


You were on level 6 of the Lair of Beasts.
You worshipped the Shining One.
The Shining One was exalted by your worship.
You visited 3 branches of the dungeon, and saw 18 of its levels.
You also visited: Ossuary and Gauntlet.

You collected 1275 gold pieces.
You spent 99 gold pieces at shops.

Inventory:

Hand Weapons
 n - a +0 scimitar of flaming (weapon)
Missiles
 c - 411 stones
 t - 3 atropa-tipped darts
 H - 30 poisoned darts
 K - 12 javelins
Armour
 l - a +2 hat (worn)
 p - a +1 cloak (worn)
 u - a +0 kite shield (worn)
 x - +0 steam dragon scales (worn)
 R - the +1 pair of boots of Follow the Leader (worn) {Drain Fly Dex+7 Stlth+}
   (You found it in a Gauntlet)

   Dex:       It affects your dexterity (+7).
   Fly:       It grants you flight.
   Drain:     It drains your maximum health when unequipped.
   Stlth:     It makes you more stealthy.
Jewellery
 g - a +6 ring of intelligence (left hand)
 i - a ring of protection from fire
 q - the ring "Asesmim Wegy" (right hand) {*Corrode Str+6 Int-3 Dex+7 SInv}
   (You found it in a Gauntlet)

   [ring of strength]

   Str:       It affects your strength (+6).
   Int:       It affects your intelligence (-3).
   Dex:       It affects your dexterity (+7).
   SInv:      It lets you see invisible.
   *Corrode:  It may corrode you when you take damage.
 v - an amulet of the acrobat
 y - an amulet of guardian spirit
 L - an amulet of regeneration (around neck)
 M - a +4 ring of protection
 Q - a ring of protection from fire
 T - a ring of protection from cold
 U - a ring of resist corrosion
 W - the ring "Koehoz" {rN+ rCorr Int+3 Stlth+}
   (You found it on level 4 of the Lair of Beasts)

   [ring of positive energy]

   Int:       It affects your intelligence (+3).
   rN:        It protects you from negative energy.
   rCorr:     It protects you from acid and corrosion.
   Stlth:     It makes you more stealthy.
 Y - a ring of poison resistance
Wands
 d - a wand of iceblast (8)
 k - a wand of charming (10)
 w - a wand of mindburst (4)
 F - a wand of digging (5)
 I - a wand of polymorph (16)
 N - a wand of flame (7)
 O - a wand of paralysis (6)
Scrolls
 h - 2 scrolls of enchant weapon
 j - 6 scrolls of fog
 o - 8 scrolls of teleportation
 s - a scroll of brand weapon
 C - 3 scrolls of fear
 E - 2 scrolls of blinking
 G - 9 scrolls of identify
 Z - a scroll of enchant armour
Potions
 a - 2 potions of haste
 b - 2 potions of magic
 e - a potion of flight
 f - 6 potions of curing
 m - 6 potions of brilliance
 r - 2 potions of resistance
 z - 2 potions of might
 A - a potion of cancellation
 D - a potion of berserk rage
 J - 3 potions of heal wounds
Miscellaneous
 B - a box of beasts
 V - a phial of floods
 X - a condenser vane


   Skills:
 + Level 10.1 Fighting
 + Level 10.1 Short Blades
 + Level 10.1 Long Blades
 + Level 10.1 Axes
 + Level 10.1 Maces & Flails
 + Level 10.1 Polearms
 + Level 10.1 Staves
 + Level 10.1 Slings
 + Level 10.1 Bows
 + Level 10.1 Crossbows
 + Level 10.1 Throwing
 + Level 10.1 Armour
 + Level 11.1 Dodging
 + Level 11.0 Stealth
 + Level 10.1 Shields
 + Level 10.1 Unarmed Combat
 + Level 11.3 Spellcasting
 + Level 8.5 Conjurations
 + Level 8.5 Hexes
 + Level 8.5 Summonings
 + Level 8.5 Necromancy
 + Level 8.5 Translocations
 + Level 8.5 Transmutations
 + Level 8.5 Fire Magic
 + Level 11.1 Ice Magic
 + Level 8.5 Air Magic
 + Level 10.2 Earth Magic
 + Level 8.5 Poison Magic
 + Level 11.0 Invocations
 + Level 10.1 Evocations


You had 18 spell levels left.
You knew the following spells:

 Your Spells              Type           Power      Damage    Failure   Level
a - Freeze                Ice            100%       1d11      1%          1
b - Sandblast             Erth           100%       2d20      1%          1
c - Mephitic Cloud        Conj/Pois/Air  51%        N/A       1%          3
o - Ozocubu's Armour      Ice            59%        N/A       1%          3
r - Frozen Ramparts       Ice            100%       1d12      1%          3
y - Sticky Flame          Conj/Fire      51%        2d7       3%          4
z - Stone Arrow           Conj/Erth      100%       3d13      1%          3

Your spell library contained the following spells:

 Spells                   Type           Power      Damage    Failure   Level
 Foxfire                  Conj/Fire      100%       2x1d9     1%          1
 Magic Dart               Conj           100%       1d8       1%          1
 Slow                     Hex            100%       N/A       1%          1
 Call Imp                 Summ           51%        N/A       1%          2
 Passwall                 Tmut/Erth      45%        N/A       1%          2
 Confusing Touch          Hex            51%        N/A       1%          3
 Conjure Flame            Conj/Fire      51%        6-21      1%          3
 Gell's Gravitas          Tloc           51%        N/A       1%          3
 Portal Projectile        Hex/Tloc       100%       N/A       1%          3
 Teleport Other           Tloc           51%        N/A       1%          3
 Tukima's Dance           Hex            51%        N/A       1%          3
 Vampiric Draining        Necr           51%        2d9       1%          3
 Hailstorm                Conj/Ice       55%        3d12      1%          4
 Leda's Liquefaction      Hex/Erth       27%        N/A       2%          4
 Anguish                  Hex/Necr       25%        N/A       3%          4
 Flame Wave               Conj/Fire      51%        2d10      3%          4
 Summon Lightning Spire   Summ/Air       51%        N/A       3%          4
 Lee's Rapid Deconstruct  Erth           28%        3d16*     4%          5
 Metabolic Englaciation   Hex/Ice        27%        N/A       5%          5
 Blade Hands              Tmut           25%        N/A       10%         5
 Excruciating Wounds      Necr           25%        N/A       10%         5
 Fireball                 Conj/Fire      25%        3d11      10%         5
 Yara's Violent Unravell  Hex/Tmut       25%        3d11      10%         5
 Simulacrum               Ice/Necr       27%        N/A       30%         6
 Statue Form              Tmut/Erth      36%        N/A       34%         6
 Dispersal                Tloc           25%        N/A       45%         6
 Starburst                Conj/Fire      25%        6d8       45%         6
 Enfeeble                 Hex            25%        N/A       96%         7
 Ignition                 Fire           25%        3d9       100%        8


Dungeon Overview and Level Annotations

Branches:
Dungeon (11/15)            Temple (1/1) D:6            Lair (6/6) D:11
 Shoals (0/4) Lair:3       Spider (0/4) Lair:3        Slime (0/5) Lair:5
Ossuary (visited)         Gauntlet (visited)
    Orc: D:9-12

Altars:
Ashenzari
Cheibriados
Dithmenos
Elyvilon
Fedhas
Gozag
Hepliaklqana
Kikubaaqudgha
Makhleb
Nemelex Xobeh
Okawaru
Qazlal
Ru
Sif Muna
Trog
Uskayaw
Vehumet
Wu Jian
Xom
Yredelemnul
Zin
The Shining One

Shops:
D:2 *(*[   D:3 =(!*

Annotations:
Lair:6 Turbonekonecno's ghost, journeyman SpEn


Innate Abilities, Weirdness & Mutations

You have very sharp teeth.
Your uncanny sense of smell can sniff out nearby items.
Your experience applies equally to all skills.


Message History

You feel very sick.
Turbonekonecno's ghost completely resists.
The wall freezes Turbonekonecno's ghost but does no damage.
Turbonekonecno's ghost hits you but does no damage.
You are more poisoned.
The +3 scythe of chaos resists.
The wall freezes the +3 scythe of chaos.
The +3 scythe of chaos hits you from afar.
You closely miss Turbonekonecno's ghost.
Turbonekonecno's ghost is lightly damaged.
You feel extremely sick.
Turbonekonecno's ghost resists.
The wall freezes Turbonekonecno's ghost.
Turbonekonecno's ghost mumbles some strange words.
Turbonekonecno's ghost ignites the poison in its surroundings!
The poison in your system burns!
You are no longer poisoned.
The +3 scythe of chaos resists.
The wall freezes the +3 scythe of chaos.
The +3 scythe of chaos hits you from afar!!
* * * LOW HITPOINT WARNING * * *
The +3 scythe of chaos freezes you!
* * * LOW HITPOINT WARNING * * *
You completely miss Turbonekonecno's ghost.
Turbonekonecno's ghost is lightly damaged.
Turbonekonecno's ghost resists.
The wall freezes Turbonekonecno's ghost.
Turbonekonecno's ghost closely misses you.
The +3 scythe of chaos resists.
The wall freezes the +3 scythe of chaos.
You block the +3 scythe of chaos's attack.
You hit Turbonekonecno's ghost. You burn Turbonekonecno's ghost.
Turbonekonecno's ghost is lightly damaged.
Turbonekonecno's ghost resists.
The wall freezes Turbonekonecno's ghost.
You block Turbonekonecno's ghost's attack.
The +3 scythe of chaos resists.
The wall freezes the +3 scythe of chaos.
The +3 scythe of chaos hits you from afar!
You die...

♣♣...............................
♣♣♣..♣.....#....^................
♣♣♣♣♣♣P...#......................
†♣♣♣ ♣...........................
♣†.♣ ♣♣.P........................
♣♣.♣♣ ♣.#.#......###.............
♣..♣♣♣.##.......#)##.........#..
♣♣..♣♣♣#.#......W(.#........P...
♣♣..♣♣ ♣.......@#$##............
♣....♣♣♣........###.............
♣♣....♣♣♣#.P....................
♣....♣ ♣.###...................
♣...♣♣♣♣## ##........#.........
♣...♣ ♣..# #...................
♣♣..♣♣♣♣..###..#................
♣♣..♣♣♣♣....#####................
♣..♣♣♣♣....## #................


You could see a +3 scythe of chaos and Turbonekonecno's ghost.

Vanquished Creatures
  Nessos (Lair:4)
  A minotaur (Gauntlet)
  Josephine (Lair:4)
  5 boulder beetles
  Erolcha (D:9)
  7 hydras
  A catoblepas (D:10)
  5 two-headed ogres
  5 death yaks
  A hell hog (Gauntlet)
  A thrashing horror (Gauntlet)
  Urug (Lair:4)
  An oklob plant (D:11)
  A spectral centaur (D:11)
  8 elephants
  11 black mambas
  A smoke demon (Gauntlet)
  2 torpor snails
  4 centaur skeletons (D:11)
  4 gargoyles
  Maggie (D:7)
  4 rime drakes
  2 kobold demonologists (D:10)
  An unseen horror (D:11)
  23 cane toads
  15 komodo dragons
  A red devil (Gauntlet)
  6 polar bears
  5 hornets (Lair:6)
  3 trolls
  17 dream sheep
  9 blink frogs
  A slime creature (Lair:5)
  A shadow (D:10)
  12 spriggans (Lair:6)
  A spriggan (shapeshifter) (D:11)
  6 wyverns
  4 basilisks
  3 fire bats (Gauntlet)
  4 wraiths (Lair:4)
  Grum (D:10)
  49 yaks
  A small abomination (Gauntlet)
  A redback (Lair:3)
  Edmund (D:6)
  4 acid dragons
  3 hell hounds (Gauntlet)
  10 water moccasins
  4 ice beasts
  7 black bears
  2 orc warriors
  2 sky beasts (D:7)
  2 ogres
  4 boggarts (Lair:6)
  33 wolves
  12 centaurs
  A phantom (D:6)
  4 kobold brigands (D:10)
  2 elf zombies (Ossuary)
  A gnoll sergeant (D:9)
  16 bullfrogs
  2 necrophages
  2 scorpions
  15 wights
  15 killer bees
  2 electric eels (Lair:4)
  3 howler monkeys
  3 crimson imps (Gauntlet)
  10 jellies
  2 centaur zombies (Ossuary)
  7 orc priests
  Crazy Yiuf (D:4)
  4 gnoll shamans
  4 hounds
  Terence (D:2)
  3 iguanas
  9 orc wizards
  2 hound zombies (Ossuary)
  3 mummies (Ossuary)
  4 adders
  25 gnolls
  3 shadow imps
  2 white imps
  3 ufetubi
  2 adder zombies (Ossuary)
  5 worms
  3 dart slugs
  26 orcs
  6 bats
  24 endoplasms
  5 giant cockroaches
  4 gnoll zombies (Ossuary)
  13 goblins
  8 hobgoblins
  2 jackals (D:1)
  3 quokkas
  5 ball pythons
  3 frilled lizards
  5 goblin zombies (Ossuary)
  3 hobgoblin zombies (Ossuary)
  4 jackal zombies (Ossuary)
  9 kobolds
  5 kobold zombies (Ossuary)
  An orc zombie (D:7)
  3 quokka zombies (Ossuary)
  2 rats (D:2)
  2 rat zombies (Ossuary)
609 creatures vanquished.

Vanquished Creatures (collateral kills)
  Fannar (Lair:2)
  A white imp (D:7)
  A hobgoblin zombie (D:7)
3 creatures vanquished.

Vanquished Creatures (others)
  24 fungi
  36 plants
60 creatures vanquished.

Grand Total: 672 creatures vanquished

Notes
Turn   | Place    | Note
-------+----------+-------------------------------------------
     0 | D:1      | feta the Gnoll Ice Elementalist began the quest for the
                  | Orb.
     0 | D:1      | Reached XP level 1. HP: 13/13 MP: 6/6
   171 | D:1      | Reached XP level 2. HP: 20/20 MP: 4/7
   610 | D:1      | Reached XP level 3. HP: 23/25 MP: 7/9
   732 | D:1      | Reached skill level 5 in Spellcasting
   737 | D:1      | Reached skill level 1 in Invocations
  1009 | D:2      | Learned a level 3 spell: Frozen Ramparts
  1173 | D:2      | Found Tamunk's Assorted Antiques.
  1176 | D:2      | Bought a scroll labelled YRO ATZIHONIRE for 28 gold pieces
  1176 | D:2      | Bought a green potion for 25 gold pieces
  1209 | D:2      | Found Jepum's Antique Armour Emporium.
  1265 | D:2      | Noticed Terence
  1276 | D:2      | Killed Terence
  1277 | D:2      | Reached skill level 1 in Fighting
  1277 | D:2      | Reached skill level 1 in Short Blades
  1277 | D:2      | Reached skill level 1 in Long Blades
  1277 | D:2      | Reached skill level 1 in Axes
  1277 | D:2      | Reached skill level 1 in Maces & Flails
  1277 | D:2      | Reached skill level 1 in Polearms
  1277 | D:2      | Reached skill level 1 in Staves
  1277 | D:2      | Reached skill level 1 in Slings
  1277 | D:2      | Reached skill level 1 in Bows
  1277 | D:2      | Reached skill level 1 in Crossbows
  1277 | D:2      | Reached skill level 1 in Throwing
  1277 | D:2      | Reached skill level 1 in Armour
  1277 | D:2      | Reached skill level 1 in Shields
  1277 | D:2      | Reached skill level 1 in Unarmed Combat
  1277 | D:2      | Reached skill level 1 in Evocations
  1277 | D:2      | Reached XP level 4. HP: 22/32 MP: 6/11
  1377 | D:2      | Learned a level 3 spell: Ozocubu's Armour
  1518 | D:2      | Found Fedeyxe's Weapon Boutique.
  1618 | D:2      | Found Nuetomaus's Assorted Antiques.
  1636 | D:2      | Bought an amethyst potion for 20 gold pieces
  2265 | D:3      | Reached skill level 1 in Conjurations
  2265 | D:3      | Reached skill level 1 in Hexes
  2265 | D:3      | Reached skill level 1 in Summonings
  2265 | D:3      | Reached skill level 1 in Necromancy
  2265 | D:3      | Reached skill level 1 in Translocations
  2265 | D:3      | Reached skill level 1 in Transmutations
  2265 | D:3      | Reached skill level 1 in Fire Magic
  2265 | D:3      | Reached skill level 1 in Air Magic
  2265 | D:3      | Reached skill level 1 in Earth Magic
  2265 | D:3      | Reached skill level 1 in Poison Magic
  2350 | D:3      | Found Uniesy's Distillery.
  2617 | D:3      | Found Gitt's Weapon Shoppe.
  2669 | D:3      | Reached XP level 5. HP: 37/37 MP: 10/12
  2752 | D:3      | Found Lena Kor's General Store.
  2923 | D:3      | Bought a scroll of identify for 26 gold pieces
  3040 | D:3      | Found Huirioma's Jewellery Boutique.
  3333 | D:3      | Noticed an ogre
  3338 | D:3      | Killed an ogre
  3339 | D:3      | Reached skill level 5 in Dodging
  3339 | D:3      | Reached XP level 6. HP: 44/44 MP: 7/14
  4110 | D:4      | Reached XP level 7. HP: 50/50 MP: 11/15
  4138 | D:4      | Found a snail-covered altar of Cheibriados.
  4568 | D:4      | Reached skill level 5 in Stealth
  5002 | D:4      | Found a runed translucent door.
  5003 | D:4      | Noticed Crazy Yiuf
  5012 | D:4      | Killed Crazy Yiuf
  5194 | D:5      | Entered Level 5 of the Dungeon
  5359 | D:5      | Reached XP level 8. HP: 57/57 MP: 10/16
  5745 | D:6      | Found a staircase to the Ecumenical Temple.
  5754 | Temple   | Entered the Ecumenical Temple
  6089 | Temple   | Became a worshipper of the Shining One
  6451 | D:7      | Found a sand-covered staircase.
  6460 | Ossuary  | Entered an ossuary
  6521 | Ossuary  | Reached * piety under the Shining One
  6679 | Ossuary  | Reached ** piety under the Shining One
  6908 | Ossuary  | Reached *** piety under the Shining One
  7013 | D:7      | Noticed Maggie
  7021 | D:7      | Killed Maggie
  7022 | D:7      | Reached XP level 9. HP: 28/65 MP: 10/18
  7751 | D:6      | Noticed Edmund
  7757 | D:6      | Killed Edmund
  7847 | D:6      | Reached **** piety under the Shining One
  8448 | D:7      | Reached skill level 5 in Invocations
  9227 | D:8      | Noticed a troll
  9250 | D:8      | Killed a troll
  9251 | D:8      | Reached XP level 10. HP: 59/73 MP: 12/20
  9368 | D:8      | Reached skill level 5 in Fighting
  9368 | D:8      | Reached skill level 5 in Short Blades
  9368 | D:8      | Reached skill level 5 in Long Blades
  9368 | D:8      | Reached skill level 5 in Axes
  9368 | D:8      | Reached skill level 5 in Maces & Flails
  9368 | D:8      | Reached skill level 5 in Polearms
  9368 | D:8      | Reached skill level 5 in Staves
  9368 | D:8      | Reached skill level 5 in Slings
  9368 | D:8      | Reached skill level 5 in Bows
  9368 | D:8      | Reached skill level 5 in Crossbows
  9368 | D:8      | Reached skill level 5 in Throwing
  9368 | D:8      | Reached skill level 5 in Armour
  9368 | D:8      | Reached skill level 5 in Shields
  9368 | D:8      | Reached skill level 5 in Unarmed Combat
  9368 | D:8      | Reached skill level 5 in Evocations
 10203 | D:9      | Found a shimmering altar of Xom.
 10241 | D:9      | Noticed Erolcha
 10256 | D:9      | Killed Erolcha
 10258 | D:9      | Reached ***** piety under the Shining One
 10270 | D:9      | Reached XP level 11. HP: 63/81 MP: 7/22
 10838 | D:9      | Reached skill level 5 in Conjurations
 10838 | D:9      | Reached skill level 5 in Hexes
 10838 | D:9      | Reached skill level 5 in Summonings
 10838 | D:9      | Reached skill level 5 in Necromancy
 10838 | D:9      | Reached skill level 5 in Translocations
 10838 | D:9      | Reached skill level 5 in Transmutations
 10838 | D:9      | Reached skill level 5 in Fire Magic
 10838 | D:9      | Reached skill level 5 in Air Magic
 10838 | D:9      | Reached skill level 5 in Earth Magic
 10838 | D:9      | Reached skill level 5 in Poison Magic
 10908 | D:9      | Learned a level 3 spell: Stone Arrow
 11037 | D:9      | Learned a level 1 spell: Sandblast
 11372 | D:10     | Entered Level 10 of the Dungeon
 11620 | D:10     | Noticed Grum
 11635 | D:10     | Killed Grum
 12019 | D:10     | Noticed a two-headed ogre
 12031 | D:10     | Killed a two-headed ogre
 12156 | D:10     | Noticed a sun demon
 12748 | D:11     | Noticed a six-headed hydra
 12761 | D:11     | Killed a two-headed hydra
 12998 | D:11     | Noticed a two-headed ogre
 13007 | D:11     | Killed a two-headed ogre
 13109 | D:11     | Found a gate leading to a gauntlet.
 13118 | Gauntlet | Entered a Gauntlet
 13118 | Gauntlet | Found a transporter.
 13118 | Gauntlet | Found a transporter.
 13119 | Gauntlet | Found a transporter.
 13122 | Gauntlet | Found a transporter.
 13122 | Gauntlet | Found a transporter.
 13122 | Gauntlet | Found a transporter.
 13129 | Gauntlet | Noticed a thrashing horror
 13134 | Gauntlet | Found a transporter.
 13135 | Gauntlet | Noticed a thrashing horror
 13136 | Gauntlet | Found a transporter.
 13138 | Gauntlet | Found a large runed translucent door.
 13139 | Gauntlet | Found a large runed translucent door.
 13140 | Gauntlet | Found a large runed translucent door.
 13140 | Gauntlet | Found a large runed translucent door.
 13140 | Gauntlet | Found a runed translucent door.
 13141 | Gauntlet | Found a large runed translucent door.
 13142 | Gauntlet | Found a large runed translucent door.
 13143 | Gauntlet | Found a large runed translucent door.
 13143 | Gauntlet | Found a large runed translucent door.
 13144 | Gauntlet | Found a transporter.
 13144 | Gauntlet | Found a transporter.
 13144 | Gauntlet | Found a runed translucent gate.
 13144 | Gauntlet | Found a runed translucent gate.
 13145 | Gauntlet | Noticed a hell hog
 13146 | Gauntlet | Found a transporter.
 13146 | Gauntlet | Noticed a wizard
 13147 | Gauntlet | Found a transporter.
 13147 | Gauntlet | Noticed a wizard
 13233 | Gauntlet | Reached XP level 12. HP: 89/89 MP: 18/24
 13267 | Gauntlet | Identified the amulet of Happiness {Contam rPois rN+++
                  | Regen+ Stlth-}
 13295 | Gauntlet | Identified the +1 pair of boots of Follow the Leader {Drain
                  | Fly Dex+7 Stlth+}
 13313 | Gauntlet | Killed a thrashing horror
 13517 | Gauntlet | Killed a hell hog
 13520 | Gauntlet | Identified the ring "Asesmim Wegy" {*Corrode Str+6 Int-3
                  | Dex+7 SInv}
 13544 | Gauntlet | Noticed a minotaur
 13544 | Gauntlet | Reached ****** piety under the Shining One
 13553 | Gauntlet | Killed a minotaur
 13558 | Gauntlet | Got the Collected Works on Conjuration and Creation
 13792 | D:11     | Noticed a two-headed ogre
 13792 | D:11     | Noticed a boulder beetle
 13792 | D:11     | Noticed a boulder beetle
 13815 | D:11     | Killed a two-headed ogre
 13866 | D:11     | Noticed a two-headed ogre
 13871 | D:11     | Noticed a catoblepas
 13872 | D:11     | Killed a two-headed ogre
 13994 | D:10     | Killed a catoblepas
 14146 | D:11     | Found the +6 shillelagh "Devastator" {shatter}
 14151 | D:11     | Noticed a seven-headed hydra
 14165 | D:11     | Killed a six-headed hydra
 14231 | D:11     | Noticed a two-headed ogre
 14237 | D:11     | Killed a two-headed ogre
 14332 | D:11     | Killed a boulder beetle
 14554 | D:11     | Found a staircase to the Lair.
 14649 | D:11     | Killed a boulder beetle
 15080 | D:11     | Reached XP level 13. HP: 85/98 MP: 18/26
 15393 | Lair:1   | Entered Level 1 of the Lair of Beasts
 16452 | Lair:1   | Identified the +1 leather armour of the Game of Life {*Slow
                  | rPois rCorr SInv}
 17213 | Lair:2   | Noticed Fannar
 17658 | Lair:2   | Killed Fannar
 17659 | Lair:2   | Reached skill level 10 in Ice Magic
 18743 | Lair:3   | Learned a level 3 spell: Mephitic Cloud
 18875 | Lair:3   | Reached skill level 10 in Spellcasting
 18978 | Lair:3   | Found a hole to the Spider Nest.
 19568 | Lair:3   | Found a staircase to the Shoals.
 19752 | Lair:4   | Noticed Urug
 19764 | Lair:4   | Killed Urug
 20178 | Lair:4   | You are sucked into a shaft and drop 2 floors!
 20178 | Lair:6   | Entered Level 6 of the Lair of Beasts
 20313 | Lair:4   | Reached skill level 10 in Dodging
 20363 | Lair:4   | Reached XP level 14. HP: 96/106 MP: 14/28
 20766 | Lair:4   | Noticed Josephine
 20776 | Lair:4   | Killed Josephine
 20930 | Lair:4   | Noticed Nessos
 20945 | Lair:4   | Killed Nessos
 20946 | Lair:4   | Reached skill level 10 in Stealth
 21231 | Lair:4   | Reached skill level 10 in Invocations
 21957 | Lair:4   | Identified the +9 chain mail of the Kettle-Drum {Will+}
 21999 | Lair:4   | Identified the ring "Koehoz" {rN+ rCorr Int+3 Stlth+}
 23021 | Lair:5   | Got the Guide on Flames and Malediction
 23255 | Lair:5   | Found a staircase to the Slime Pits.
 24428 | Lair:6   | Reached XP level 15. HP: 115/115 MP: 25/29
 24610 | Lair:6   | Learned a level 4 spell: Sticky Flame
 24721 | Lair:6   | Found a runed translucent door.
 24728 | Lair:6   | Found a shimmering altar of Xom.
 24728 | Lair:6   | Noticed Turbonekonecno's ghost (journeyman SpEn)
 25237 | Lair:6   | Reached skill level 10 in Earth Magic
 25545 | Lair:6   | Reached skill level 10 in Fighting
 25545 | Lair:6   | Reached skill level 10 in Short Blades
 25545 | Lair:6   | Reached skill level 10 in Long Blades
 25545 | Lair:6   | Reached skill level 10 in Axes
 25545 | Lair:6   | Reached skill level 10 in Maces & Flails
 25545 | Lair:6   | Reached skill level 10 in Polearms
 25545 | Lair:6   | Reached skill level 10 in Staves
 25545 | Lair:6   | Reached skill level 10 in Slings
 25545 | Lair:6   | Reached skill level 10 in Bows
 25545 | Lair:6   | Reached skill level 10 in Crossbows
 25545 | Lair:6   | Reached skill level 10 in Throwing
 25545 | Lair:6   | Reached skill level 10 in Armour
 25545 | Lair:6   | Reached skill level 10 in Shields
 25545 | Lair:6   | Reached skill level 10 in Unarmed Combat
 25545 | Lair:6   | Reached skill level 10 in Evocations
 26640 | Lair:6   | Slain by a +3 scythe of chaos

Illustrated notes

Levels and vault maps discovered:
D:1:      dpeg_arrival_orchard, layout_rooms
D:2:      layout_basic, serial_shops, shop, shop, nicolae_shop_window_shopping,
          nicolae_diamond_shop, serial_forest, infiniplex_forest_clump_curved,
          infiniplex_forest_clump_C, infiniplex_forest_straight_3,
          infiniplex_forest_zigzag_1, infiniplex_forest_clump_diagonal,
          infiniplex_forest_lined_2, uniq_terence
D:3:      layout_loops_ring, serial_shops, nicolae_shop_waterfront,
          nicolae_square_shop, shop, nicolae_diamond_shop,
          cheibrodos_sewer_entry_bend
D:4:      layout_rooms, cheibriados_altar_1, uniq_crazy_yiuf_cottage
D:5:      layout_basic
D:6:      layout_loops_ring, minmay_temple_entry_arrows, uniq_edmund
D:7:      layout_basic, enter_ossuary_3, enter_bailey_3, uniq_maggie
D:8:      layout_gridville
D:9:      layout_roguey, mainiacjoe_overflow_tiny_flanked, uniq_erolcha
D:10:     layout_loops_cross, uniq_grum
D:11:     minmay_roctagon, layout_irregular_city, dpeg_oklobed_lair,
          gauntlet_entry_generic, grunt_decor_clamped, hangedman_weighted_door
Temple:   mainiacjoe_temple_cubbyholes
Lair:1:   layout_chaotic_city, lemuel_fruit_fields
Lair:2:   layout_gridlike, nzn_sisyphean_effort, uniq_fannar
Lair:3:   layout_chaotic_city, shoals_dummy_entry, spider_nest_entry_rubble
Lair:4:   nzn_winding_woodlands_huge [nzn_winding_woodlands_5x15_eye,
          nzn_winding_woodlands_5x15_sawtooth,
          nzn_winding_woodlands_5x15_sidewinder,
          nzn_winding_woodlands_5x15_garden, nzn_winding_woodlands_5x15_pool,
          nzn_winding_woodlands_5x15_twine, nzn_winding_woodlands_5x15_zeroes,
          nzn_winding_woodlands_5x15_river_crossing,
          nzn_winding_woodlands_5x15_jagged,
          nzn_winding_woodlands_5x15_pathside_ponds,
          nzn_winding_woodlands_center_triple_pond,
          nzn_winding_woodlands_center_diamonds,
          nzn_winding_woodlands_15x15_thick_spiral], layout_misc_corridors,
          uniq_nessos, uniq_josephine, uniq_urug
Lair:5:   lemuel_slime, layout_concentric_octagons,
          nicolae_slime_entry_slimehenge, beast_lair_carwin_5
Lair:6:   minmay_lair_end_enchanted_forest, layout_gridlike, ebering_ghost_xom

Skill      XL: |  1  2  3  4  5  6  7  8  9 10 11 12 13 14 15 |
---------------+----------------------------------------------+-----
Spellcasting   | 5 6 7 8 9 10 11 | 11.3
Invocations    | 1 2 3 4 5 6 7 8 9 10 11 | 11.0
Fighting       | 1 2 4 5 6 7 8 9 10 | 10.1
Short Blades   | 1 2 4 5 6 7 8 9 10 | 10.1
Long Blades    | 1 2 4 5 6 7 8 9 10 | 10.1
Axes           | 1 2 4 5 6 7 8 9 10 | 10.1
Maces & Flails | 1 2 4 5 6 7 8 9 10 | 10.1
Polearms       | 1 2 4 5 6 7 8 9 10 | 10.1
Staves         | 1 2 4 5 6 7 8 9 10 | 10.1
Slings         | 1 2 4 5 6 7 8 9 10 | 10.1
Bows           | 1 2 4 5 6 7 8 9 10 | 10.1
Crossbows      | 1 2 4 5 6 7 8 9 10 | 10.1
Throwing       | 1 2 4 5 6 7 8 9 10 | 10.1
Armour         | 1 2 4 5 6 7 8 9 10 | 10.1
Shields        | 1 2 4 5 6 7 8 9 10 | 10.1
Unarmed Combat | 1 2 4 5 6 7 8 9 10 | 10.1
Evocations     | 1 2 4 5 6 7 8 9 10 | 10.1
Conjurations   | 1 2 3 4 5 6 7 8 |  8.5
Hexes          | 1 2 3 4 5 6 7 8 |  8.5
Summonings     | 1 2 3 4 5 6 7 8 |  8.5
Necromancy     | 1 2 3 4 5 6 7 8 |  8.5
Translocations | 1 2 3 4 5 6 7 8 |  8.5
Transmutations | 1 2 3 4 5 6 7 8 |  8.5
Fire Magic     | 1 2 3 4 5 6 7 8 |  8.5
Air Magic      | 1 2 3 4 5 6 7 8 |  8.5
Earth Magic    | 1 2 3 4 5 6 8 9 10 | 10.2
Poison Magic   | 1 2 3 4 5 6 7 8 |  8.5
Dodging        | 5 6 7 8 9 10 11 | 11.1
Stealth        | 5 6 7 8 9 10 11 | 11.0
Ice Magic      | 8 9 10 11 | 11.1

Action                   |  1- 3 |  4- 6 |  7- 9 | 10-12 | 13-15 || total
-------------------------+-------+-------+-------+-------+-------++-------
Melee: Dagger            |     2 |       |   223 |       |       ||   225
       Short sword       |       |    24 |     6 |       |       ||    30
       Bite              |       |     2 |    65 |    42 |    66 ||   175
       Punch             |       |     1 |    14 |     8 |       ||    23
       Scimitar          |       |       |    73 |   250 |   380 ||   703
Throw: Stone             |       |       |     2 |     7 |       ||     9
       Dart              |       |       |       |     6 |    17 ||    23
       Throwing net      |       |       |       |     2 |       ||     2
 Cast: Freeze            |    46 |    65 |    58 |    23 |       ||   192
       Frozen Ramparts   |     1 |     7 |    36 |    36 |    33 ||   113
       Ozocubu's Armour  |       |     3 |    26 |    27 |    21 ||    77
       Stone Arrow       |       |       |       |    70 |   316 ||   386
Evoke: Wand              |       |       |     3 |     1 |       ||     4
       Box of beasts     |       |       |       |       |     1 ||     1
  Use: Scroll            |       |     9 |    10 |     6 |     2 ||    27
       Potion            |       |       |     3 |       |     1 ||     4
Armor: Robe              |     4 |     8 |   108 |       |       ||   120
       Steam dragon scal |       |       |    59 |   139 |   140 ||   338
Dodge: Dodged            |    25 |    43 |   277 |   274 |   367 ||   986
Block: Kite shield       |       |       |       |    86 |   369 ||   455

Table legend: (Time is in decaauts)
 A = Elapsed time spent in this place.
 B = Non-inter-level travel time spent in this place.
 C = Inter-level travel time spent in this place.
 D = Time resting spent in this place.
 E = Time spent auto-exploring this place.
 F = Levels seen in this place.
 G = Mean time per level.
                   A        B        C        D        E       F      G
               +--------+--------+--------+--------+--------+-----+--------+
         Total |  26697 |  25992 |    705 |   4489 |  16543 |  20 | 1334.8 |
       Dungeon |  13946 |  13529 |    417 |   1852 |   9040 |  11 | 1267.8 |
        Temple |    353 |    291 |     62 |      0 |    286 |   1 |  353.0 |
          Lair |  11275 |  11049 |    226 |   2159 |   7146 |   6 | 1879.2 |
       Ossuary |    507 |    507 |      0 |    115 |     71 |   1 |  507.0 |
      Gauntlet |    615 |    615 |      0 |    363 |      0 |   1 |  615.0 |
               +--------+--------+--------+--------+--------+-----+--------+

Top non-repeatable levels by time:
  Lair:4: 2796 daAuts
  Lair:6: 2494 daAuts
    D:11: 1910 daAuts
  Lair:2: 1695 daAuts
  Lair:1: 1686 daAuts
     D:3: 1646 daAuts
  Lair:5: 1630 daAuts
    D:10: 1521 daAuts
     D:4: 1328 daAuts
     D:6: 1301 daAuts
     D:2: 1239 daAuts
     D:9: 1177 daAuts
     D:7: 1062 daAuts
     D:8: 1060 daAuts
     D:1: 995 daAuts
